 Dungeon Crawl Stone Soup version 0.27.0-1-g7a089689b8 (webtiles) character file.

Game seed: 14357759873283131911

595 SnakkuSnakku7 the Cleaver (level 7, -3/55 HPs)
             Began as a Palentonga Chaos Knight on Aug 4, 2021.
             Was a Plaything of Xom.
             Slain by a fire bat (7 damage)
             ... in a sewer on Aug 5, 2021.
             The game lasted 00:07:32 (4979 turns).

SnakkuSnakku7 the Cleaver (Palentonga Chaos Knight) Turns: 4979, Time: 00:07:32

Health: -3/55      AC: 15    Str: 17    XL:     7   Next: 17%
Magic:  7/7        EV:  4    Int: 12    God:    Xom [..*...]
Gold:   65         SH: 10    Dex: 10    Spells: 6/6 levels left

rFire    . . .     SeeInvis +   a - +0 hand axe (chaos)
rCold    . . .     Faith    .   k - +0 tower shield
rNeg     . . .     Spirit   .   b - +2 leather armour
rPois    .         Reflect  .   (no helmet)
rElec    .         Harm     .   g - +1 cloak
rCorr    .         Rampage  .   (no gloves)
Will     .....                  (no barding)
Stlth    +.........             (no amulet)
HPRegen  0.18/turn              (no ring)
MPRegen  0.10/turn              (no ring)

@: curled up, very slow
A: large, rugged brown scales 3, see invisible, deformed body, roll 1, armoured
tail, reflexive curl
a: Rolling Charge, Renounce Religion


You were in a sewer.
You worshipped Xom.
You were a toy of Xom.
You visited 1 branch of the dungeon, and saw 4 of its levels.
You also visited: Sewer.

You collected 65 gold pieces.

Inventory:

Hand Weapons
 a - a +0 hand axe of chaos (weapon)
Missiles
 n - 23 poisoned darts
Armour
 b - a +2 leather armour (worn)
 g - a +1 cloak (worn)
 k - a +0 tower shield (worn)
Wands
 d - a wand of mindburst (4)
Scrolls
 c - a scroll of teleportation {unknown}
 e - a scroll of magic mapping
 f - a scroll of identify
 l - a scroll of fear {unknown}
 m - a scroll of summoning {unknown}
Potions
 h - a potion of attraction
 j - a potion of cancellation


   Skills:
 - Level 3.0 Fighting
 + Level 8.3 Axes
 - Level 1.5 Armour
 - Level 0.7 Dodging


You had 6 spell levels left.
You didn't know any spells.
Your spell library was empty.

Dungeon Overview and Level Annotations

Branches:
Dungeon (4/15)              Sewer (1/1)
 Temple: D:4-7

Altars:
Cheibriados
Ru
Vehumet
Xom


Innate Abilities, Weirdness & Mutations

You are completely covered in rugged brown scales. (AC +3, +7% HP)
You have supernaturally acute eyesight. (SInv)
Armour fits poorly on your strangely shaped body.
You can roll at nearby foes to attack.
You have a long armoured tail.
You curl defensively after being hit.


Message History

You closely miss the fire bat.
The fire bat is lightly wounded.
You feel sick. "There, this looks better."
You are now a toy of Xom.
The fire bat barely misses you.
The fire bat closely misses your butterfly.
The fire bat bites your butterfly.
Your butterfly dies!
You enter the shallow water.
Moving in this stuff is going to be slow.
You feel sick.
You are no longer poisoned.
The fire bat bites you.
* * * LOW HITPOINT WARNING * * *
You are engulfed in flames.
* * * LOW HITPOINT WARNING * * *
You block the fire bat's attack.
Things that are here:
a +0 short sword; 6 poisoned darts You swap places.
The fire bat bites your butterfly.
Your butterfly dies!
Unknown command.
Okay, then.
Blink to where?
Press: ? - help, Dir - move target Splash!
You fall into the shallow water.
Moving in this stuff is going to be slow.
As you read the scroll of blinking, it crumbles to dust.
Okay, then.
The fire bat completely misses your butterfly.
Aiming: Mindburst
Press: ? - help, Shift-Dir - straight line, f - fire bat
Aim: a fire bat (chance to affect: 73%)
The fire bat's mind is blasted!
The fire bat bites you.
* * * LOW HITPOINT WARNING * * *
You are engulfed in flames!
You die...
Xom laughs nastily!

≈.##≈...≈...≈##....
.≈.≈≈..≈≈....≈≈.≈≈
.≈≈...≈........≈≈#
≈≈...≈..∩.≈≈.≈≈≈.#
≈.≈≈≈.....≈≈≈≈≈.≈#
≈≈≈≈≈≈..∩....≈b≈.#
≈..≈....≈≈≈≈≈...≈## #####
...≈..≈≈.≈≈.≈.≈.≈.## #####≈≈≈≈!#
≈.##≈..≈≈≈≈.≈##≈@b.####.§)b≈#
.####≈.≈≈.≈≈####≈≈≈..b≈≈###≈≈≈≈.#
.# ##.≈..≈.≈## #.≈.≈bb≈.# #####
####≈.≈≈≈≈≈≈.####.≈...≈≈#
##≈.≈.≈≈≈≈≈≈≈≈≈########.≈≈≈
#.≈≈≈≈#####≈≈.≈≈# ##### #≈≈≈≈##
##≈.≈≈# #.≈.## ##...# #...# #.≈.#


You could see a fire bat.

Vanquished Creatures
  An ice beast (D:3)
  A boggart (Sewer)
  2 kobold brigands (Sewer)
  2 orc wizards (D:4)
  3 gnolls (D:3)
  8 adders
  A river rat (Sewer)
  2 worms
  4 dart slugs
  4 orcs
  10 endoplasms
  6 giant cockroaches
  4 goblins
  2 hobgoblins (D:2)
  7 jackals
  4 quokkas
  13 ball pythons
  7 bats
  7 frilled lizards
  9 kobolds
  10 rats
107 creatures vanquished.

Vanquished Creatures (collateral kills)
  A gnoll (D:3)
1 creature vanquished.

Vanquished Creatures (others)
  A demonic plant (D:1)
  A withered plant (D:1)
2 creatures vanquished.

Grand Total: 110 creatures vanquished

Notes
Turn   | Place    | Note
-------+----------+-------------------------------------------
     0 | D:1      | SnakkuSnakku7 the Palentonga Chaos Knight began the quest
                  | for the Orb.
     0 | D:1      | Reached XP level 1. HP: 19/19 MP: 1/1
    62 | D:1      | XOM: divination: detect creatures
   125 | D:1      | Reached XP level 2. HP: 12/25 MP: 2/2
   251 | D:1      | XOM: silly message
   469 | D:1      | Reached skill level 4 in Axes
   625 | D:1      | Found a faded altar of an unknown god.
   643 | D:1      | Reached XP level 3. HP: 22/31 MP: 3/3
   675 | D:1      | XOM: summons 2 hostile demons
   718 | D:2      | XOM: noise
  1101 | D:1      | XOM: noise
  1268 | D:2      | XOM: silly message
  1297 | D:2      | Found a snail-covered altar of Cheibriados.
  1297 | D:2      | XOM: 8-stop teleportation journey
  1558 | D:2      | Reached XP level 4. HP: 37/37 MP: 4/4
  1667 | D:2      | Reached skill level 5 in Axes
  1825 | D:2      | XOM: god gift: arbalest {god gift}
  2506 | D:3      | XOM: cast spell 'Olgreb's Toxic Radiance'
  2803 | D:3      | XOM: cloud trail
  2804 | D:3      | Noticed an ice beast
  2815 | D:3      | Killed an ice beast
  2816 | D:3      | Reached skill level 6 in Axes
  2816 | D:3      | Reached XP level 5. HP: 10/43 MP: 5/5
  3051 | D:3      | Found a sacrificial altar of Ru.
  3176 | D:3      | XOM: divination: detect creatures
  3536 | D:3      | XOM: chaos cloud
  4104 | D:4      | Noticed an ogre
  4467 | D:4      | Found a radiant altar of Vehumet.
  4482 | D:4      | Reached XP level 6. HP: 32/43 MP: 6/6
  4483 | D:4      | Reached skill level 7 in Axes
  4489 | D:4      | Found a shimmering altar of Xom.
  4528 | D:4      | Found a glowing drain.
  4532 | Sewer    | Entered a sewer
  4672 | Sewer    | XOM: summons 1 hostile demon
  4691 | Sewer    | XOM: cloud trail
  4805 | Sewer    | Reached skill level 8 in Axes
  4805 | Sewer    | Gained mutation: You curl defensively after being hit.
                  | [Palentonga growth]
  4805 | Sewer    | Reached XP level 7. HP: 37/55 MP: 7/7
  4973 | Sewer    | Noticed a fire bat
  4973 | Sewer    | a kobold brigand changed into a fire bat
  4974 | Sewer    | XOM: scenery: summon butterflies
  4979 | Sewer    | Slain by a fire bat

Illustrated notes

Levels and vault maps discovered:
D:1:      sevenhm_arrival_forest_fort_large_1, layout_basic,
          shapermc_ecumenical_altar_gd
D:2:      minmay_diamond_boxcup, layout_basic, basic_altar
D:3:      layout_loops_ring, marbit_many_paths
D:4:      minmay_chambers_of_fours, layout_basic,
          mainiacjoe_overflow_catwalk_spiral, gup_sewer_entry_bowl
Sewer:    sewer_co_tree

Skill      XL: |  1  2  3  4  5  6 |
---------------+-------------------+-----
Axes           | 4 6 8 |  8.3
Fighting       | |  3.0
Armour         | |  1.5
Dodging        | |  0.7

Action                   |  1- 3 |  4- 6 |  7- 9 || total
-------------------------+-------+-------+-------++-------
Melee: Hand axe          |   110 |   165 |    15 ||   290
       Tailslap          |     5 |    17 |     3 ||    25
Evoke: Wand              |       |       |     1 ||     1
  Use: Potion            |       |     1 |       ||     1
       Scroll            |       |     4 |     1 ||     5
 Stab: Paralysed         |       |     1 |       ||     1
Armor: Leather armour    |    78 |    89 |     1 ||   168
Dodge: Dodged            |    61 |    35 |     2 ||    98
Block: Tower shield      |       |    76 |     8 ||    84
